 Dungeon Crawl Stone Soup version 0.16.1-51-g6203257 (webtiles) character file.

21856 RepoMan the Basher (level 12, -5/97 HPs)
             Began as a Ghoul Warper on July 21, 2015.
             Was a High Priest of Kikubaaqudgha.
             Slain by a fire crab (11 damage)
             ... in a volcano on July 24, 2015.
             The game lasted 04:07:14 (19017 turns).

RepoMan the Basher (Ghoul Warper)                  Turns: 19017, Time: 04:07:14

Health: -5/97      AC: 10    Str: 16    XL:     12   Next: 94%
Magic:  25/29      EV: 11    Int: 12    God:    Kikubaaqudgha [*****.]
Gold:   689        SH:  0    Dex:  8    Spells: 8 memorised, 18 levels left

rFire  . . .     SeeInvis .     a - +3 flail
rCold  + + .     Clarity  .     v - +3 leather armour
rNeg   + + +     SustAb   .     (no shield)
rPois  ∞         Gourm    .     (no helmet)
rElec  .         Spirit   .     e - +0 cloak
rCorr  .         Warding  .     f - +1 pair of gloves
rMut   .         Stasis   .     (no boots)
MR     +....                    D - amulet of regeneration
Stlth  +.........               c - ring of protection from magic
                                k - ring of protection from cold

@: rotting, somewhat resistant to hostile enchantments, very unstealthy
A: rotting body, claws 1, carnivore 3, cold resistance 1, negative energy
resistance 3, poison resistance, slow healing 1, torment resistance, unbreathing
a: Receive Corpses, Torment, Renounce Religion


You were in a volcano.
You worshipped Kikubaaqudgha.
Kikubaaqudgha was extremely pleased with you.
You were not hungry.

You visited 3 branches of the dungeon, and saw 16 of its levels.
You also visited: Ossuary, Ice Cave and Volcano.

You collected 778 gold pieces.
You spent 89 gold pieces at shops.

Inventory:

Hand weapons
 a - a +3 flail (weapon)
 g - a +1 morningstar
 z - a +0 blowgun
Missiles
 R - 3 poisoned needles
Armour
 e - a +0 cloak (worn)
 f - a +1 pair of gloves (worn)
 s - a steam dragon hide
 v - a +3 leather armour (worn)
Jewellery
 c - a ring of protection from magic (right hand)
 k - a ring of protection from cold (left hand)
 w - an uncursed ring of teleport control
 D - an amulet of regeneration (around neck)
 P - an uncursed ring of loudness
 V - an uncursed ring of flight
Magical devices
 j - a wand of digging (8)
 n - a wand of digging (8)
 y - a wand of teleportation (6)
 B - a wand of disintegration (0)
 Q - a wand of lightning (0)
 U - a wand of fire (0)
Scrolls
 d - 2 scrolls of recharging
 l - 5 scrolls of remove curse
 m - a scroll of magic mapping
 p - 8 scrolls of identify
 q - a scroll of torment
 u - a scroll of immolation
 A - 5 scrolls of teleportation
 H - 2 scrolls of amnesia
Potions
 G - a potion of magic
 J - 3 potions of curing
 O - 2 potions of restore abilities
 W - 2 potions of flight
Books
 r - a book of Changes

   Spells                             Type                      Level
   a - Beastly Appendage              Transmutation                1
   b - Sticks to Snakes               Transmutation                2
   c - Spider Form                    Transmutation/Poison         3
   d - Ice Form                       Ice/Transmutation            4
   e - Blade Hands                    Transmutation                5
 Z - Kikubaaqudgha's Compendium of Dark Magic
   (Kikubaaqudgha gifted it to you on level 1 of the Lair of Beasts)

   Spells                             Type                      Level
   a - Animate Dead                   Necromancy                   4
   b - Bolt of Draining               Conjuration/Necromancy       5
   c - Agony                          Necromancy                   5
   d - Cigotuvi's Embrace             Necromancy                   5
   e - Dispel Undead                  Necromancy                   5
Miscellaneous
 E - a legendary deck of war
Comestibles
 h - a beef jerky
 o - 3 meat rations


   Skills:
 + Level 6.4 Fighting
 * Level 11.7 Maces & Flails
 - Level 0.8 Throwing
 + Level 8.0 Armour
 - Level 1.7 Dodging
 + Level 10.2 Spellcasting
 + Level 5.9 Necromancy
 - Level 3.1 Translocations
 + Level 2.0 Transmutations


You had 18 spell levels left.
You knew the following spells:

 Your Spells              Type           Power        Failure   Level  Hunger
a - Apportation           Tloc           ##........   4%          1    None
b - Blink                 Tloc           N/A          8%          2    None
c - Shroud of Golubria    Chrm/Tloc      #.........   12%         2    None
d - Corpse Rot            Necr           N/A          1%          2    None
e - Animate Skeleton      Necr           N/A          1%          1    None
p - Pain                  Necr           ###.         1%          1    None
r - Repel Missiles        Chrm/Air       #.....       21%         2    None
s - Sticks to Snakes      Trmt           ##........   12%         2    None


Dungeon Overview and Level Annotations

Branches:
Dungeon (11/15)            Temple (1/1) D:5            Lair (4/8) D:9
 Spider (0/5) Lair:3
  Swamp: Lair:3-6    Shoals: Lair:3-6       Orc: D:9-12

Altars:
Ashenzari
Cheibriados
Dithmenos
Elyvilon
Fedhas
Gozag
Kikubaaqudgha
Makhleb
Nemelex Xobeh
Okawaru
Qazlal
Ru
Sif Muna
Trog
Vehumet
Xom
Yredelemnul
Zin
The Shining One

Shops:
D:6 =   D:8 *

Annotations:
D:5 fneyf's ghost, experienced MiFi
D:7 1 exclusion, Pikel


Innate Abilities, Weirdness & Mutations

Your body is rotting away.
You thrive on raw meat.
You have sharp fingernails.
You are carnivorous and can eat meat at any time.
Your flesh is cold resistant.
You are immune to negative energy.
Your system is resistant to poisons.
You heal slowly when monsters are visible.
You are immune to unholy pain and torment.
You can survive without breathing.


Message History

You feel much better. The fire crab bites you!
You are engulfed in flames!
Your shroud falls apart!
The fire crab claws you!
You are engulfed in flames!
* * * LOW HITPOINT WARNING * * *
Read which item? (? for menu, Esc to quit)
Okay, then.
Casting: Blink
Confirm with . or Enter, or press ? or * to list all spells.
You blink.
Read which item? (? for menu, Esc to quit)
As you read the scroll of summoning, it crumbles to dust.
Wisps of shadow whirl around you... The fire crab bites you.
* * * LOW HITPOINT WARNING * * *
You are engulfed in flames!
* * * LOW HITPOINT WARNING * * *
The fire crab claws you.
* * * LOW HITPOINT WARNING * * *
You are engulfed in flames!
You die...
Kikubaaqudgha rasps: "You have failed me!
Welcome... oblivion!"

§≈§≈≈≈§≈≈§§≈§≈§≈§≈≈§...
≈≈≈≈§≈§≈≈≈≈≈≈≈≈≈≈≈≈§§. .
.§§≈≈≈§≈≈≈§≈≈≈≈≈≈§... t§#
..≈§§§≈≈§≈§≈§§≈≈≈..# §§.§
...§≈§≈≈§§§§§§≈≈≈..### §§...
..§.≈≈≈≈≈≈≈§§§§≈..§.8####.§.....
##....≈§§≈≈≈§§§§§§.....†........
#.##...≈§≈≈≈≈≈9.t..8#######+###
#######.≈§≈≈≈.§@.####
##§§...H#R.# ######.#### ###


You could see a fire crab, a friendly manticore, a friendly efreet and a
friendly gargoyle.

Vanquished Creatures
  A hydra (Lair:2)
  2 hill giants (D:10)
  A lindwurm (Lair:4)
  A manticore (Volcano)
  2 centaur skeletons
  A spiny frog (Lair:3)
  A komodo dragon (Lair:1)
  2 fire elementals
  2 basilisks
  5 wyverns
  24 yaks
  Eustachio (D:8)
  2 hungry ghosts
  3 vampire mosquitoes (D:7)
  The ghost of Peronor the Insei, an average HuMo (D:3)
  2 fire bats (Volcano)
  A death yak simulacrum (IceCv)
  A steam dragon (D:9)
  5 water moccasins
  2 hippogriffs
  A wolf (Lair:1)
  A sky beast (D:9)
  2 spiders (Lair:3)
  5 phantoms
  4 porcupines
  6 orc warriors
  A wasp (D:9)
  14 ice beasts
  2 crocodiles (Lair:4)
  4 slaves (D:8)
  3 ogres
  Duvessa (D:7)
  7 necrophages
  2 big kobolds
  3 giant frogs
  A wyvern skeleton (D:8)
  11 scorpions
  An elephant simulacrum (IceCv)
  3 killer bees (D:9)
  An electric eel (Lair:2)
  6 centaur zombies
  7 crimson imps
  Dowan (D:7)
  A goliath beetle (D:8)
  4 lava snakes
  5 hounds
  2 human zombies (Ossuary)
  5 orc priests
  3 jellies
  13 orc wizards
  A quasit (D:9)
  5 iguanas
  8 worker ants
  A wolf simulacrum (IceCv)
  A polar bear simulacrum (IceCv)
  4 big kobold zombies (Ossuary)
  A hound skeleton (D:5)
  A hound zombie (D:6)
  4 mummies
  3 gnolls (D:9)
  14 river rats (Lair:1)
  A worker ant zombie (D:6)
  16 adders
  2 scorpion zombies (Ossuary)
  A giant mite (D:6)
  4 shadow imps
  5 white imps (IceCv)
  6 worms
  An adder zombie (D:6)
  An adder skeleton (D:5)
  4 giant geckos
  An ooze (D:3)
  55 orcs
  2 bat skeletons
  4 giant cockroaches
  4 gnoll zombies (Ossuary)
  11 hobgoblins
  27 kobolds
  11 quokkas
  A ball python (D:5)
  18 bats
  A giant cockroach zombie (D:5)
  4 giant newts
  10 goblins
  2 goblin zombies (Ossuary)
  2 hobgoblin zombies (Ossuary)
  14 jackals
  2 jackal skeletons (D:7)
  4 orc zombies (Ossuary)
  15 rats
  A fungus (Lair:2)
  A plant (Lair:3)
454 creatures vanquished.

Vanquished Creatures (collateral kills)
  5 death yaks (Lair:3)
  A black mamba (Lair:3)
  A spiny frog (Lair:3)
  A fire drake (Lair:1)
  3 wolves (Lair:1)
  2 basilisks
  A deep elf mage (D:10)
  6 yaks
  A fire bat (Volcano)
  2 steam dragons (Lair:3)
  3 water moccasins
  A porcupine (Lair:2)
  6 spiders (Lair:3)
  An ice beast (Lair:3)
  3 crocodiles
  A necrophage (Lair:3)
  4 giant frogs
  2 electric eels (Lair:2)
  A crimson imp (D:10)
  A hound (Lair:2)
  An iguana (Lair:1)
  A centaur skeleton (D:10)
  An orc wizard (D:10)
  7 river rats (Lair:1)
  3 adders
  2 orcs (D:10)
  A bat (D:10)
  A quokka (Lair:2)
  9 fungi
  6 plants (Lair:3)
78 creatures vanquished.

Vanquished Creatures (others)
  A black mamba skeleton (Lair:3)
  A spiny frog skeleton (Lair:3)
  A lindwurm skeleton (Volcano)
  A fire drake skeleton (Volcano)
  A wyvern skeleton (Lair:2)
  3 water moccasin skeletons
  9 yak skeletons
  A wolf skeleton (Lair:1)
  4 giant frog skeletons
  A basilisk skeleton (Lair:2)
  An elf skeleton (D:10)
  2 porcupine skeletons
  A troll simulacrum (IceCv)
  A wolf simulacrum (IceCv)
  3 crocodile skeletons
  3 necrophage skeletons (Lair:3)
  An ogre skeleton (D:10)
  A steam dragon skeleton (Lair:3)
  An ufetubus (IceCv)
  An electric eel skeleton (Lair:2)
  3 iguana skeletons
  5 adder skeletons
  A bat skeleton (D:10)
  A kobold skeleton (D:10)
  9 orc skeletons (D:10)
  An orc zombie (Ossuary)
  A quokka (D:9)
  3 quokka skeletons
  A rat skeleton (D:10)
  3 river rat skeletons (Lair:1)
  3 fungi
69 creatures vanquished.

Grand Total: 601 creatures vanquished

Notes
Turn   | Place    | Note
--------------------------------------------------------------
     0 | D:1      | RepoMan, the Ghoul Warper, began the quest for the Orb.
     0 | D:1      | Reached XP level 1. HP: 17/17 MP: 2/2
   256 | D:1      | Reached skill level 1 in Armour
   499 | D:1      | Reached XP level 2. HP: 20/23 MP: 3/3
   503 | D:1      | Learned a level 2 spell: Blink
  1106 | D:2      | Found a glowing silver altar of Zin.
  1161 | D:2      | Found a sacrificial altar of Ru.
  1211 | D:2      | Reached XP level 3. HP: 19/29 MP: 6/6
  1685 | D:3      | Noticed Peronor's ghost (average HuMo)
  1765 | D:3      | Found a sparkling altar of Nemelex Xobeh.
  1845 | D:3      | Reached skill level 3 in Translocations
  1996 | D:3      | Learned a level 2 spell: Shroud of Golubria
  2012 | D:3      | Reached XP level 4. HP: 28/36 MP: 6/6
  2172 | D:3      | HP: 1/36 [Peronor's ghost (4)]
  3454 | D:4      | Reached XP level 5. HP: 41/41 MP: 5/8
  3542 | D:4      | Found a burning altar of Makhleb.
  3824 | D:4      | Reached XP level 6. HP: 22/48 MP: 4/12
  4053 | D:4      | Noticed an ogre
  4198 | D:5      | Entered Level 5 of the Dungeon
  4199 | D:5      | Noticed fneyf's ghost (experienced MiFi)
  4742 | D:5      | Reached skill level 4 in Maces & Flails
  4918 | D:5      | Found a staircase to the Ecumenical Temple.
  4939 | D:5      | Reached XP level 7. HP: 45/55 MP: 11/13
  4960 | Temple   | Entered the Ecumenical Temple
  5549 | D:6      | Found a bloodstained altar of Trog.
  5806 | D:6      | Reached skill level 5 in Maces & Flails
  5899 | D:6      | Found Apatiase's Jewellery Emporium.
  5902 | D:6      | Bought a cursed -2 ring of evasion for 30 gold pieces
  5902 | D:6      | Bought a cursed -2 ring of protection for 30 gold pieces
  6028 | D:6      | Reached XP level 8. HP: 41/61 MP: 13/17
  6403 | D:6      | Found a snail-covered altar of Cheibriados.
  6467 | D:7      | Found a sand-covered staircase.
  6475 | Ossuary  | Entered an ossuary
  6583 | Ossuary  | Reached skill level 5 in Spellcasting
  6641 | Ossuary  | Reached skill level 6 in Maces & Flails
  7160 | Ossuary  | Reached XP level 9. HP: 38/67 MP: 14/21
  7623 | D:7      | Found a deep blue altar of Sif Muna.
  7623 | D:7      | Found an opulent altar of Gozag.
  7741 | D:7      | Reached skill level 7 in Maces & Flails
  7751 | D:7      | Noticed Dowan
  7752 | D:7      | Noticed Duvessa
  7780 | D:7      | Killed Dowan
  7972 | D:7      | Killed Duvessa
  8091 | D:7      | Reached skill level 5 in Armour
  8990 | D:8      | Noticed Pikel
  9202 | D:4      | Killed an ogre
  9228 | D:4      | Found a blossoming altar of Fedhas.
  9341 | D:3      | Reached skill level 8 in Maces & Flails
  9395 | D:3      | Killed Peronor's ghost
 10103 | D:8      | Reached XP level 10. HP: 44/73 MP: 24/24
 10310 | D:8      | Noticed Eustachio
 10347 | D:8      | Killed Eustachio
 10640 | D:8      | Found Peaxu's Assorted Antiques.
 10665 | D:8      | Bought a scroll labeled PIUSIO DE SUIM for 29 gold pieces
 11029 | D:8      | Reached skill level 9 in Maces & Flails
 11094 | D:8      | Found a shadowy altar of Dithmenos.
 11319 | D:9      | Found a white marble altar of Elyvilon.
 11359 | D:9      | Found a staircase to the Lair.
 11427 | D:9      | Found an ancient bone altar of Kikubaaqudgha.
 11437 | D:9      | Became a worshipper of Kikubaaqudgha
 12246 | D:9      | Found a deep blue altar of Sif Muna.
 12371 | D:9      | Found a shimmering altar of Xom.
 12452 | D:10     | Entered Level 10 of the Dungeon
 12478 | D:10     | Acquired Kikubaaqudgha's first power
 12478 | D:10     | Received a gift from Kikubaaqudgha
 12479 | D:10     | Identified Kikubaaqudgha's Almanac of Black Arts (Kikubaaqudgha gifted it to you on level 10 of the Dungeon)
 12483 | D:10     | Learned a level 2 spell: Corpse Rot
 12773 | D:10     | Reached XP level 11. HP: 25/81 MP: 14/27
 12859 | D:9      | Learned a level 1 spell: Animate Skeleton
 12887 | D:10     | Reached skill level 1 in Necromancy
 12970 | D:10     | Reached skill level 10 in Maces & Flails
 13156 | D:10     | Noticed a hill giant
 13158 | D:10     | Noticed a hill giant
 13208 | D:10     | Killed a hill giant
 13227 | D:10     | Killed a hill giant
 13370 | D:10     | Acquired Kikubaaqudgha's second power
 14847 | Lair:1   | Entered Level 1 of the Lair of Beasts
 14921 | Lair:1   | Learned a level 2 spell: Repel Missiles
 15322 | Lair:1   | Received a gift from Kikubaaqudgha
 15323 | Lair:1   | Identified Kikubaaqudgha's Compendium of Dark Magic (Kikubaaqudgha gifted it to you on level 1 of the Lair of Beasts)
 15827 | Lair:2   | Learned a level 1 spell: Pain
 16321 | Lair:2   | Reached XP level 12. HP: 82/92 MP: 27/29
 16861 | Lair:3   | Noticed a six-headed hydra
 16915 | Lair:2   | Killed a six-headed hydra
 16915 | Lair:2   | Reached skill level 5 in Fighting
 17003 | Lair:3   | Reached skill level 11 in Maces & Flails
 17005 | Lair:3   | Found a frozen archway.
 17040 | Lair:3   | Acquired Kikubaaqudgha's third power
 17123 | IceCv    | Entered an ice cave
 17593 | Lair:3   | Reached skill level 10 in Spellcasting
 17598 | Lair:3   | Reached skill level 5 in Necromancy
 17765 | Lair:3   | Found a hole to the Spider Nest.
 18015 | Lair:3   | Learned a level 2 spell: Sticks to Snakes
 18483 | Lair:4   | Noticed a death yak
 18484 | Lair:4   | Noticed a death yak
 18485 | Lair:4   | Noticed a death yak
 18486 | Lair:4   | Noticed a death yak
 18490 | Lair:4   | Noticed a death yak
 18511 | Lair:3   | Killed a death yak
 18511 | Lair:3   | Reached skill level 1 in Transmutations
 18518 | Lair:3   | Killed a death yak
 18545 | Lair:3   | Killed a death yak
 18576 | Lair:3   | Killed a death yak
 18576 | Lair:3   | Acquired Kikubaaqudgha's fourth power
 18578 | Lair:3   | Killed a death yak
 18712 | Lair:4   | Found a dark tunnel.
 18806 | Volcano  | Entered a volcano
 19017 | Volcano  | Slain by a fire crab

Action                   |  1- 3 |  4- 6 |  7- 9 | 10-12 || total
-------------------------+-------+-------+-------+-------++-------
Melee: Mace              |   170 |   328 |   187 |       ||   685
       Morningstar       |       |       |   529 |   237 ||   766
       Flail             |       |       |    19 |   968 ||   987
 Fire: Blowgun           |       |       |       |    78 ||    78
Throw: Tomahawk          |     5 |     7 |     5 |    37 ||    54
       Throwing net      |     2 |       |       |       ||     2
 Cast: Apportation       |     1 |       |       |    13 ||    14
       Shroud of Golubri |       |    27 |    45 |   117 ||   189
       Blink             |       |     1 |     8 |    36 ||    45
       Corpse Rot        |       |       |       |     8 ||     8
       Animate Skeleton  |       |       |       |    91 ||    91
       Pain              |       |       |       |    16 ||    16
Invok: Receive Corpses   |       |       |       |     1 ||     1
Evoke: Wand              |       |     1 |     8 |    12 ||    21
  Use: Scroll            |       |    12 |     6 |    20 ||    38
       Potion            |       |     6 |     9 |     8 ||    23
 Stab: Distracted        |       |       |       |     4 ||     4
  Eat: Chunk             |    13 |    26 |    37 |   117 ||   193
